 Dungeon Crawl Stone Soup version 0.22-a0-266-g5fdf0d7 (webtiles) character file.

17243 varam the Covert (level 12, 0/61 HPs)
             Began as a Spriggan Enchanter on Mar 8, 2018.
             Was an Initiate of Gozag.
             Slain by a meliai
             ... wielding a +0 war axe
              (5 damage)
             ... on level 13 of the Dungeon.
             The game lasted 00:57:23 (13995 turns).

varam the Covert (Spriggan Enchanter)              Turns: 13995, Time: 00:57:25

Health: 0/61       AC:  4    Str:  7    XL:     12   Next: 17%
Magic:  19/23      EV: 26    Int: 18    God:    Gozag
Gold:   1519       SH:  7    Dex: 17    Spells: 15/24 levels left

rFire    . . .     SeeInvis +   G - +4 dagger (distort)
rCold    + . .     Gourm    .   y - +0 buckler
rNeg     . . .     Faith    .   J - +0 robe {rC+}
rPois    .         Spirit   .   (helmet restricted)
rElec    .         Reflect  .   D - +1 cloak {+Inv}
rCorr    .         Harm     .   (gloves unavailable)
MR       ++...                  (boots unavailable)
Stlth    +++++.....             (no amulet)
HPRegen  0.20/turn              (no ring)
MPRegen  0.18/turn              k - ring of wizardry

@: gold aura, very quick
A: very small, unfitting armour, see invisible, herbivore, speed 3, slow
metabolism 2
a: Potion Petition, Call Merchant, Bribe Branch, Renounce Religion, Evoke
Invisibility


You were on level 13 of the Dungeon.
You worshipped Gozag.
Gozag was most pleased with you.
You were hungry.

You visited 2 branches of the dungeon, and saw 14 of its levels.

You collected 1925 gold pieces.
You spent 264 gold pieces at shops.
You paid 142 gold pieces to Gozag.

Inventory:

Hand Weapons
 l - a +6 dagger of venom
 F - the +5 war axe of the Hidden Vale {vamp, +Inv Str+4, unknown}
   (You found it on level 8 of the Dungeon)

   It inflicts no extra harm, but heals its wielder when it wounds a living foe.
   It affects your strength (+4).
   It lets you turn invisible.
 G - a +4 dagger of distortion (weapon)
Armour
 y - a +0 buckler (worn)
 D - a +1 cloak of invisibility (worn)
 J - a +0 robe of cold resistance (worn)
Jewellery
 k - a ring of wizardry (right hand)
 t - the ring of the Townfolk {Ice Str+3}
   (You found it on level 13 of the Dungeon)

   [ring of ice]

   It enhances your ice magic.
   It affects your strength (+3).
   It makes you vulnerable to fire.
   It protects you from cold.
 E - an uncursed amulet of rage
 K - an uncursed ring of resist corrosion
Wands
 a - a wand of digging (8)
 q - a wand of flame (35)
 A - a wand of acid (2)
 C - a wand of iceblast (11)
 I - a wand of paralysis (7)
Scrolls
 b - a scroll of blinking
 c - a scroll of fog {unknown}
 e - 7 scrolls of magic mapping
 h - 8 scrolls of amnesia
 i - a scroll of immolation {unknown}
 j - 7 scrolls of remove curse
 o - 2 scrolls of acquirement {unknown}
 p - 2 scrolls of enchant armour
 u - 3 scrolls of teleportation
 x - a scroll of fear {unknown}
 M - 2 scrolls of vulnerability {unknown}
Potions
 f - 2 potions of agility
 g - a potion of haste
 m - 2 potions of flight
 n - 4 potions of heal wounds
 r - 2 potions of mutation
 s - a potion of magic
 v - a potion of resistance
 w - 2 potions of curing
 z - 3 potions of brilliance
 B - 2 potions of lignification
 H - a potion of degeneration {unknown}
 L - 2 potions of invisibility {unknown}
Comestibles
 d - 23 rations


   Skills:
 - Level 6.0 Fighting
 + Level 9.8 Short Blades
 - Level 10.4 Dodging
 - Level 12.1 Stealth
 - Level 5.1 Shields
 - Level 6.7 Spellcasting
 + Level 9.2 Hexes
 - Level 9.1 Evocations


You had 15 spell levels left.
You knew the following spells:

 Your Spells              Type           Power        Failure   Level  Hunger
a - Corona                Hex            #####..      1%          1    None
b - Ensorcelled Hibernat  Hex/Ice        ###...       1%          2    None
c - Confuse               Hex            #####...     1%          3    ##.....
d - Dazzling Spray        Conj/Hex       ###...       2%          3    ##.....


Dungeon Overview and Level Annotations

Branches:
Dungeon (13/15)            Temple (1/1) D:7            Lair (0/6) D:10
    Orc (0/2) D:10
 Vaults: D:13-14

Altars:
Ashenzari
Cheibriados
Dithmenos
Elyvilon
Fedhas
Gozag
Hepliaklqana
Kikubaaqudgha
Makhleb
Nemelex Xobeh
Okawaru
Qazlal
Ru
Sif Muna
Trog
Uskayaw
Vehumet
Wu Jian
Xom
Yredelemnul
Zin
The Shining One

Shops:
D:6 }   D:7 !   D:9 [

Portals:
Trove: D:11 (give 4 scrolls of blinking)

Annotations:
D:7 exclusion: oklob plant
D:10 1 runed door


Innate Abilities, Weirdness & Mutations

You are very small and have problems with some larger weapons.
You are too small for most types of armour.
You have supernaturally acute eyesight. (SInv)
You are a herbivore.
You cover ground extremely quickly.
You need to consume almost no food.


Message History

Evoke which item? (* to show all) (? for menu, Esc to quit)
Aiming: Paralyse
Press: ? - help, Shift-Dir - straight line, f - meliai
Aim: a meliai, wielding a scimitar and wearing a leather armour (chance to defeat MR: 71%)
The meliai suddenly stops moving!
The centaur shoots an arrow.
You block the arrow.
The meliai calls down the wrath of its god upon you.
Something smites you!
A centaur warrior comes into view.
The helpless meliai fails to defend itself.
You perforate the meliai like a sieve!!!!
You kill the meliai!
The meliai closely misses you. The meliai stings you.
The centaur warrior wields a shortbow.
The centaur warrior shoots an arrow.
The arrow hits you!!
* * * LOW HITPOINT WARNING * * *
The hornet completely misses you. The meliai completely misses you.
The meliai stings you.
You die...
Your body crumbles into a pile of gold.

.......#############...<........
............(...................
................................
..............##################
..............# #
Jc............# #
..............# #
..............######### #
............(.y@$......
........)....y......
#####C..>..(.(.....
#..#########..# #.. c# #.. $#
#.. ...


You could see a centaur warrior, a cyclops (confused), a hornet and a meliai.

Vanquished Creatures
  2 hydras (D:11)
  A two-headed ogre (D:10)
  Sonja (D:10)
  2 wizards (D:7)
  An unseen horror (D:9)
  Pikel (D:8)
  A wolf spider zombie (D:11)
  An orc sorcerer (D:7)
  2 ugly things (D:12)
  2 manticores
  A cyclops (D:12)
  Maurice (D:8)
  A yaktaur (shapeshifter) (D:13)
  A troll (D:11)
  2 meliai (D:13)
  A hornet (D:12)
  2 hippogriffs (D:8)
  Sigmund (D:2)
  A shadow (D:12)
  3 yaks (D:12)
  A vampire (D:12)
  A hungry ghost (D:9)
  A basilisk (D:11)
  2 wyverns
  A water moccasin (D:11)
  3 orc warriors
  2 ice beasts
  2 slaves (D:8)
  3 sky beasts
  A black bear (D:6)
  6 ogres
  6 phantoms
  22 centaurs
  3 big kobolds
  5 bullfrogs
  A wyvern zombie (D:10)
  2 scorpions
  8 wights
  3 howler monkeys
  6 electric eels (D:11)
  5 crimson imps
  A quasit (D:10)
  2 jellies
  3 centaur zombies
  A bullfrog zombie (D:9)
  2 centaur skeletons
  6 hounds
  5 orc priests
  13 orc wizards
  5 iguanas
  12 worker ants
  A hound skeleton (D:8)
  2 worker ant zombies
  11 adders
  A shadow imp (D:7)
  4 oozes
  An adder zombie (D:9)
  4 worms
  6 leopard geckos
  33 orcs
  2 giant cockroaches
  12 goblins
  9 hobgoblins
  10 jackals
  5 quokkas
  A ball python (D:1)
  9 bats
  4 frilled lizards
  A giant cockroach zombie (D:5)
  A jackal skeleton (D:6)
  A jackal zombie (D:7)
  14 kobolds
  10 rats
304 creatures vanquished.

Vanquished Creatures (others)
  A troll (D:12)
  A yak (D:12)
  A centaur (D:12)
  An adder (D:10)
  A plant (D:7)
5 creatures vanquished.

Grand Total: 309 creatures vanquished

Notes
Turn   | Place    | Note
-------+----------+-------------------------------------------
     0 | D:1      | varam the Spriggan Enchanter began the quest for the Orb.
     0 | D:1      | Reached XP level 1. HP: 9/9 MP: 5/5
    25 | D:1      | You fall through a shaft!
    25 | D:2      | Noticed Sigmund
   327 | D:1      | Reached XP level 2. HP: 11/13 MP: 0/6
   365 | D:1      | Reached skill level 5 in Stealth
   407 | D:1      | Learned a level 2 spell: Ensorcelled Hibernation
   608 | D:1      | Reached skill level 2 in Short Blades
  1088 | D:1      | Reached XP level 3. HP: 15/16 MP: 8/8
  1156 | D:2      | Killed Sigmund
  1156 | D:2      | Reached skill level 4 in Short Blades
  1156 | D:2      | Reached skill level 7 in Stealth
  1156 | D:2      | Reached XP level 4. HP: 21/21 MP: 9/9
  1156 | D:2      | Reached XP level 5. HP: 24/24 MP: 10/10
  1234 | D:2      | HP: 2/24 [worm (10)]
  2020 | D:3      | Noticed a phantom
  2043 | D:3      | Learned a level 3 spell: Confuse
  2223 | D:3      | Reached skill level 8 in Stealth
  2488 | D:3      | Reached XP level 6. HP: 16/28 MP: 7/11
  2637 | D:4      | Reached skill level 3 in Spellcasting
  2637 | D:4      | Reached skill level 4 in Hexes
  2679 | D:4      | Found a basalt altar of Yredelemnul.
  3010 | D:4      | Got a brightly glowing robe
  3190 | D:4      | Identified the cursed +1 robe "Rod Funo" {rCorr Dex+3 Stlth-} (You found it on level 4 of the Dungeon)
  3367 | D:3      | Reached skill level 5 in Hexes
  3516 | D:5      | Entered Level 5 of the Dungeon
  3527 | D:5      | Noticed a sky beast
  3575 | D:5      | Reached skill level 4 in Spellcasting
  3575 | D:5      | Reached XP level 7. HP: 24/32 MP: 9/14
  3609 | D:5      | Reached skill level 6 in Hexes
  3715 | D:5      | Learned a level 3 spell: Dazzling Spray
  3755 | D:5      | Reached skill level 7 in Hexes
  4264 | D:6      | Reached skill level 1 in Shields
  4320 | D:6      | Reached skill level 8 in Hexes
  4320 | D:6      | Reached XP level 8. HP: 36/36 MP: 1/15
  4604 | D:6      | Reached skill level 1 in Fighting
  4615 | D:6      | Reached skill level 4 in Dodging
  4709 | D:6      | Found Qasi's Gadget Shop.
  4714 | D:6      | Bought a wand of acid (8) for 264 gold pieces
  4932 | D:6      | Reached skill level 2 in Shields
  5095 | D:6      | Reached skill level 2 in Fighting
  5243 | D:6      | Reached skill level 5 in Dodging
  5434 | D:7      | Found a staircase to the Ecumenical Temple.
  5439 | Temple   | Entered the Ecumenical Temple
  5606 | D:7      | Reached skill level 3 in Shields
  5812 | D:7      | Found an ancient bone altar of Kikubaaqudgha.
  5813 | D:7      | Noticed an oklob plant
  5818 | D:7      | Reached skill level 4 in Shields
  5818 | D:7      | Reached XP level 9. HP: 6/43 MP: 3/16
  6103 | D:7      | Noticed an orc sorcerer
  6120 | D:7      | Killed an orc sorcerer
  6120 | D:7      | Reached skill level 5 in Shields
  6138 | D:7      | Noticed a wizard
  6171 | D:7      | Killed a wizard
  6171 | D:7      | Reached skill level 3 in Fighting
  6171 | D:7      | Reached skill level 7 in Dodging
  6209 | D:7      | Noticed a wizard
  6251 | D:7      | Killed a wizard
  6251 | D:7      | Reached skill level 4 in Fighting
  6251 | D:7      | Reached skill level 8 in Dodging
  6272 | D:7      | Found Qokaov's Distillery.
  6673 | D:7      | Reached skill level 9 in Dodging
  6990 | D:8      | Got a crystal war axe
  7279 | D:8      | Reached skill level 5 in Short Blades
  7359 | D:8      | Reached XP level 10. HP: 51/51 MP: 10/17
  7584 | D:8      | Noticed Pikel
  7853 | Temple   | Became a worshipper of Gozag Ym Sagoz the Greedy
  8044 | D:8      | Noticed Maurice
  8098 | D:8      | Killed Pikel
  8098 | D:8      | Reached skill level 9 in Stealth
  8098 | D:8      | Reached skill level 2 in Evocations
  8144 | D:8      | Killed Maurice
  8144 | D:8      | Reached skill level 6 in Short Blades
  8147 | D:8      | Reached skill level 3 in Evocations
  8536 | D:8      | Reached skill level 10 in Stealth
  8958 | D:9      | Found a shadowy altar of Dithmenos.
  8966 | D:9      | Reached skill level 4 in Evocations
  9231 | D:9      | Reached skill level 5 in Evocations
  9253 | D:9      | Reached skill level 7 in Short Blades
  9497 | D:9      | Noticed an unseen horror
  9517 | D:9      | Killed an unseen horror
  9517 | D:9      | Reached skill level 11 in Stealth
  9556 | D:9      | Found Piw Atuo's Antique Armour Boutique.
  9606 | D:10     | Entered Level 10 of the Dungeon
  9613 | D:10     | Found a glowing golden altar of the Shining One.
  9613 | D:10     | Found a runed door.
  9613 | D:10     | Noticed an angel
  9673 | D:10     | Reached skill level 6 in Evocations
  9696 | D:10     | Found a staircase to the Orcish Mines.
  9713 | D:10     | Noticed Sonja
  9719 | D:10     | Killed Sonja
  9720 | D:10     | Noticed a two-headed ogre
  9743 | D:10     | Killed a two-headed ogre
  9743 | D:10     | Reached skill level 8 in Short Blades
  9743 | D:10     | Reached XP level 11. HP: 39/54 MP: 2/18
 10008 | D:10     | the adder is devoured by a tear in reality.
 10011 | D:10     | Reached skill level 7 in Evocations
 10130 | D:10     | Reached skill level 12 in Stealth
 10199 | D:10     | Found a staircase to the Lair.
 10858 | D:11     | Reached skill level 5 in Fighting
 10861 | D:11     | HP: 3/55 [electric eel/bolt of electricity (12)]
 11235 | D:11     | Reached skill level 5 in Spellcasting
 11367 | D:11     | Noticed a seven-headed hydra
 11404 | D:11     | Reached skill level 8 in Evocations
 11484 | D:11     | Killed a seven-headed hydra
 11573 | D:11     | Reached skill level 6 in Spellcasting
 11759 | D:11     | Noticed a white ugly thing
 11767 | D:11     | Noticed an eight-headed hydra
 11786 | D:11     | Killed an eight-headed hydra
 11786 | D:11     | Reached skill level 9 in Evocations
 11916 | D:11     | Found a portal to a secret trove of treasure.
 11965 | D:12     | Reached skill level 6 in Fighting
 12370 | D:12     | the troll is devoured by a tear in reality.
 12370 | D:12     | Reached skill level 10 in Dodging
 12538 | D:12     | the centaur is devoured by a tear in reality.
 12664 | D:12     | Noticed a green ugly thing
 12774 | D:12     | Killed a green ugly thing
 12774 | D:12     | Reached skill level 9 in Short Blades
 12986 | D:12     | Noticed a red ugly thing
 13007 | D:12     | Reached XP level 12. HP: 61/61 MP: 15/23
 13375 | D:12     | the yak is devoured by a tear in reality.
 13767 | D:13     | Reached skill level 9 in Hexes
 13908 | D:13     | Got a shimmering silver ring
 13910 | D:13     | Identified the ring of the Townfolk {Ice Str+3} (You found it on level 13 of the Dungeon)
 13995 | D:13     | Noticed a centaur warrior
 13995 | D:13     | HP: 5/61 [centaur warrior/arrow (19)]
 13995 | D:13     | Slain by a meliai

Vault maps used:
D:1:      lemuel_arrival_behind_the_door_small
D:2:      uniq_sigmund
D:4:      yredelemnul_altar_generic
D:5:      first_ration, nicolae_underground_beach
D:6:      kennysheep_spiral_hall, serial_shops, nicolae_shop_statue_plus
D:7:      cheibrodos_wizards_tower, temple_statues, serial_shops, shop,
          lemuel_oklob_altar
D:8:      uniq_pikel, uniq_maurice
D:9:      nicolae_dithmenos_the_darkroom, serial_shops, kennysheep_mini
D:10:     lair_entry_dummy, orc_0_dummy, blue_anna_alchemist,
          lemuel_angel_altar, uniq_sonja
D:11:     enter_trove_2, hangedman_abyss_or_decor_slice
D:12:     lab_entry_generic
D:13:     david_vaults_4, serial_shops, kennysheep_little_box, basic_altar,
          nzn_random_ring
Temple:   grunt_wide_crystal_templ

Skill      XL: |  1  2  3  4  5  6  7  8  9 10 11 12 |
---------------+-------------------------------------+-----
Stealth        | 5 7 8 11 12 | 12.1
Short Blades   | 2 4 5 8 9 |  9.8
Spellcasting   | 4 6 |  6.7
Hexes          | 5 8 9 |  9.2
Shields        | 1 4 5 |  5.1
Fighting       | 2 4 6 |  6.0
Dodging        | 5 9 10 | 10.4
Evocations     | 6 9 |  9.1

Action                   |  1- 3 |  4- 6 |  7- 9 | 10-12 || total
-------------------------+-------+-------+-------+-------++-------
Melee: Dagger            |   103 |   181 |   303 |   509 ||  1096
 Cast: Corona            |    18 |    18 |     8 |    23 ||    67
       Ensorcelled Hiber |       |    15 |     6 |     3 ||    24
       Confuse           |       |    15 |    41 |    99 ||   155
 Abil: Evoke Invisibilit |       |       |       |     3 ||     3
Evoke: Wand              |       |       |       |    19 ||    19
  Use: Scroll            |       |     3 |     5 |    16 ||    24
       Potion            |       |       |       |     2 ||     2
 Stab: Sleeping          |    12 |    17 |    14 |    12 ||    55
       Confused          |       |     4 |    26 |    42 ||    72
       Invisible         |       |       |       |     7 ||     7
       Distracted        |       |       |       |     6 ||     6
       Paralysed         |       |       |       |     2 ||     2
  Eat: Ration            |       |     1 |     4 |     9 ||    14
Armor: Robe              |     8 |    14 |    12 |    10 ||    44
Dodge: Dodged            |    98 |   129 |   162 |   221 ||   610
Block: Buckler           |       |       |    19 |   103 ||   122

Table legend:
 A = Spawn XP
 B = Non-spawn XP
 C = Spawn XP percentage of total XP
 D = Spawn monster count
 E = Non-spawn monster count
 F = Spawn count percentage of total count
 G = Total turns spent on level
                    A         B        C        D         E        F      G
               +---------+---------+-------+---------+---------+-------+---------
         Total |       0 |   24633 |   0.0 |       0 |     306 |   0.0 | 13995
               +---------+---------+-------+---------+---------+-------+---------
           D:1 |       0 |      42 |   0.0 |       0 |      27 |   0.0 |  1391
           D:2 |       0 |     277 |   0.0 |       0 |      17 |   0.0 |   852
           D:3 |       0 |     215 |   0.0 |       0 |      28 |   0.0 |   681
           D:4 |       0 |     190 |   0.0 |       0 |      12 |   0.0 |   697
           D:5 |       0 |     541 |   0.0 |       0 |      12 |   0.0 |   607
           D:6 |       0 |     883 |   0.0 |       0 |      20 |   0.0 |  1412
           D:7 |       0 |    2970 |   0.0 |       0 |      32 |   0.0 |  1210
           D:8 |       0 |    2569 |   0.0 |       0 |      28 |   0.0 |  1686
           D:9 |       0 |    2085 |   0.0 |       0 |      22 |   0.0 |   649
          D:10 |       0 |    2874 |   0.0 |       0 |      26 |   0.0 |  1127
          D:11 |       0 |    5043 |   0.0 |       0 |      36 |   0.0 |  1221
          D:12 |       0 |    5955 |   0.0 |       0 |      42 |   0.0 |  1803
          D:13 |       0 |     989 |   0.0 |       0 |       4 |   0.0 |   238
               +---------+---------+-------+---------+---------+-------+---------
